 Dungeon Crawl Stone Soup version 0.30-a0-986-g7f2e898f52 (webtiles) character file.

Game seed: 16012511174354840661

35513 ytrimaz the Severer (level 14, -5/93 HPs)
             Began as a Formicid Fighter on Apr 2, 2023.
             Was an Elder of Ru.
             Slain by Louise
             ... wielding a +2 trident of venom
              (6 damage)
             ... on level 13 of the Dungeon.
             The game lasted 00:24:16 (16914 turns).

ytrimaz the Severer (Formicid Fighter)             Turns: 16914, Time: 00:24:16

Health: -5/93      AC: 23    Str: 21    XL:     14   Next: 18%
Magic:  9/14       EV: 11    Int:  8    God:    Ru [****..]
Gold:   2196       SH: 12    Dex: 13    Spells: 13/13 levels left

rFire   . . .      SeeInvis +    u - +2 executioner's axe (drain)
rCold   . . .      Faith    .    O - +2 buckler
rNeg    . . .      Spirit   .    C - +0 plate armour
rPois   +          Reflect  +    (helmet unavailable)
rElec   +          Rampage  .    r - +0 cloak
rCorr   .                        K - +1 pair of gloves
Will    +....                    i - +0 pair of boots Stlth
                                 h - amulet of reflection
HPRegen 0.35/turn                f - +4 ring of protection
MPRegen 0.14/turn                s - ring of Truth {rElec rPois EV+5 Str-3 SInv}

@: lethally poisoned (-5 -> -13), exhausted
A: permanent stasis, dig shafts and tunnels, antennae 3, weak 1, no stealth,
inability to train dodging, unskilled 1, four strong arms
a: Dig, Shaft Self, Renounce Religion, Draw Out Power, Power Leap


You were on level 13 of the Dungeon.
You worshipped Ru.
Ru was greatly pleased with you.
You visited 2 branches of the dungeon, and saw 15 of its levels.

You collected 2280 gold pieces.
You spent 84 gold pieces at shops.


Innate Abilities, Weirdness & Mutations

You cannot be hasted, slowed, berserked, paralysed or teleported.
You can dig through walls and to a lower floor.
You have a pair of large antennae on your head. (SInv)
You are weak. (Str -2)
You cannot be stealthy.
You cannot train Dodging skill.
You are somewhat unskilled. (-1 Apt)
Your four strong arms can wield two-handed weapons with a shield.


   Skills:
 - Level 3.0 Fighting
 + Level 19.3 Axes
 - Level 10.0 Armour
 - Level 3.6 Shields


You had 13 spell levels left.
You didn't know any spells.
Your spell library contained the following spells:

 Spells                   Type           Power      Damage    Failure   Level
 Apportation              Tloc           0%         N/A       100%        1
 Slow                     Hex            0%         N/A       100%        1
 Cigotuvi's Dreadful Rot  Necr/Pois/Air  0%         N/A       100%        2
 Lesser Beckoning         Tloc           0%         N/A       100%        2
 Momentum Strike          Conj/Tloc      0%         3d8       100%        2
 Poisonous Vapours        Pois/Air       0%         N/A       100%        2
 Confusing Touch          Hex            0%         N/A       100%        3
 Dazzling Flash           Conj/Hex       0%         N/A       100%        3
 Gell's Gravitas          Tloc           0%         N/A       100%        3
 Ignite Poison            Fire/Tmut/Pois 0%         N/A       100%        3
 Inner Flame              Hex/Fire       0%         N/A       100%        3
 Kindle Blastsparks       Fire/Tloc/Air  0%         2d10      100%        3
 Mephitic Cloud           Conj/Pois/Air  0%         N/A       100%        3
 Teleport Other           Tloc           0%         N/A       100%        3
 Vampiric Draining        Necr           0%         2d6       100%        3
 Dispel Undead            Necr           0%         3d6       100%        4
 Flame Wave               Conj/Fire      0%         2d4       100%        4
 Fulminant Prism          Conj/Hex       0%         3d5       100%        4
 Iskenderun's Mystic Bla  Conj/Tloc      0%         2d3       100%        4
 Manifold Assault         Tloc           0%         N/A       100%        4
 Olgreb's Toxic Radiance  Pois           0%         N/A       100%        4
 Sticky Flame             Conj/Fire      0%         2d3       100%        4
 Agony                    Necr           0%         N/A       100%        5
 Alistair's Intoxication  Tmut/Pois      0%         N/A       100%        5
 Freezing Cloud           Conj/Ice/Air   0%         6-21      100%        5
 Lee's Rapid Deconstruct  Erth           0%         3d4*      100%        5
 Silence                  Hex/Air        0%         N/A       100%        5
 Death Channel            Necr           0%         N/A       100%        6
 Dispersal                Tloc           0%         N/A       100%        6
 Haunt                    Necr/Summ      0%         N/A       100%        7
 Malign Gateway           Summ/Tloc      0%         N/A       100%        7
 Storm Form               Tmut/Air       0%         N/A       100%        7
 Summon Horrible Things   Summ           0%         N/A       100%        8
 Blink                    Tloc           Unusable   N/A       N/A         2

Inventory:

Hand Weapons
 a - a +1 war axe
 g - a +3 hand axe
   (You took it off a wight on level 9 of the Dungeon)
 u - a +2 executioner's axe of draining (weapon)
   (You acquired it on level 5 of the Dungeon)
 E - a +1 battleaxe
   (You took it off a wight on level 10 of the Dungeon)
Missiles
 D - 2 throwing nets
Armour
 i - a +0 pair of boots (worn)
   (You found it on level 1 of the Dungeon)
 r - a +0 cloak (worn)
   (You found it on level 9 of the Dungeon)
 C - a +0 plate armour (worn)
   (You took it off an orc warrior on level 7 of the Dungeon)
 K - a +1 pair of gloves (worn)
   (You found it on level 10 of the Dungeon)
 O - a +2 buckler (worn)
   (You found it on level 11 of the Dungeon)
 P - a +0 kite shield
   (You took it off a human on level 13 of the Dungeon)
 Q - a +0 tower shield
   (You found it on level 13 of the Dungeon)
Jewellery
 b - a ring of positive energy
   (You took it off a goblin on level 2 of the Dungeon)
 f - a +4 ring of protection (left hand)
   (You found it on level 1 of the Dungeon)
 h - an amulet of reflection (around neck)
   (You found it on level 12 of the Dungeon)
 m - a ring of willpower
   (You found it on level 2 of the Dungeon)
 q - an amulet of the acrobat
   (You found it on level 5 of the Dungeon)
 s - the ring of Truth (right hand) {rElec rPois EV+5 Str-3 SInv}
   (You acquired it on level 5 of the Dungeon)

   [ring of evasion]

   EV:        It affects your evasion (+5).
   Str:       It affects your strength (-3).
   rElec:     It insulates you from electricity.
   rPois:     It protects you from poison.
   SInv:      It lets you see invisible.
 t - a ring of wizardry
   (You found it on level 5 of the Dungeon)
 z - the ring of Egomania {rElec rF+ Dex+3 SInv}
   (You found it on level 9 of the Dungeon)

   [ring of see invisible]

   Dex:       It affects your dexterity (+3).
   rF:        It protects you from fire.
   rElec:     It insulates you from electricity.
   SInv:      It lets you see invisible.
 A - a ring of wizardry
   (You found it on level 8 of the Dungeon)
 G - a +5 ring of evasion
   (You took it off a centaur on level 12 of the Dungeon)
 L - a ring of willpower
   (You took it off a kobold demonologist on level 12 of the Dungeon)
 M - a ring of protection from cold
   (You took it off an orc wizard on level 12 of the Dungeon)
 R - an amulet of magic regeneration
   (You found it on level 13 of the Dungeon)
Wands
 w - a wand of paralysis (9)
   (You found it on level 6 of the Dungeon)
 y - a wand of flame (11)
   (You took it off an orc priest on level 12 of the Dungeon)
Scrolls
 e - 2 scrolls of immolation
 j - 3 scrolls of fog
 k - a scroll of poison
 l - 6 scrolls of magic mapping
 n - a scroll of fear
 v - 2 scrolls of vulnerability
 I - 2 scrolls of butterflies
 J - 2 scrolls of enchant weapon
 N - a scroll of torment
Potions
 c - a potion of resistance
 d - 6 potions of flight
 o - 3 potions of mutation
 p - 3 potions of curing
 B - 4 potions of heal wounds
 F - 2 potions of brilliance
 H - 2 potions of might

Dungeon Overview and Level Annotations

Branches:
Dungeon (14/15) Zot: 26924  Temple (1/1) D:4 Zot: 5932    Lair (0/5) D:8
    Orc (0/2) D:12         Vaults (0/5) D:13

Altars:
Cheibriados
Dithmenos
Elyvilon
Fedhas
Gozag
Hepliaklqana
Kikubaaqudgha
Nemelex Xobeh
Okawaru
Qazlal
Ru
Sif Muna
Trog
Uskayaw
Vehumet
Wu Jian
Xom
Yredelemnul
Zin
The Shining One

Shops:
D:4 !   D:6 (

Portals:
Trove: D:10 (give +7 demon blade)

Annotations:
D:8 1 runed translucent door, BlueFish's ghost, novice OpWr
D:11 exclusion: 2 doors
D:13 exclusion: 2 doors, Louise
D:14 Frances

#....##.# #...(...#
#.############## #.# #.......#
#.# #.......# #โ€ # #.......###
#># #.......### #@# #.......##.
#@# #......##.. #.# #.##..##..ยง
#.######......##..
#......#.#####.##.
######..........## ###.##......#
########.##.##..## #
###########.....##......#...
######[..........###.#####.##....


You could see Louise (very poisoned, drained).


Message History

You climb upwards.
Level annotation: exclusion: 2 doors
There is a stone staircase leading down here.
Unknown command.
You closely miss the meliai. The meliai hits you!
You focus your inner power and illuminate the meliai in retribution!
The meliai stings you. The meliai hits you but does no damage.
The meliai stings you but does no damage. ๐Ÿ˜• HP[-10]
You take 10 damage, and now have 83/93 hp.
You slash the meliai! You drain the meliai. The meliai hits you!
The meliai stings you. You block the meliai's attack.
The meliai barely misses you. ๐Ÿ˜• HP[-13]
You take 13 damage, and now have 70/93 hp.
You slice the meliai!!
You kill the meliai!
The meliai's shape twists and changes as it dies. ๐Ÿ˜• HP[+1]
You see here a shapeshifter corpse.
Unknown command.
You start resting.
The sentinel's mark upon you fades away. ๐Ÿ˜• HP[+8]
You regained 8 hp, and now have 79/93 hp.
You see here a shapeshifter corpse. ๐Ÿ˜• HP[+1] Unknown command.
There is a stone staircase leading down, spattered with blood here.
You climb downwards.
There is a stone staircase leading up here. ๐Ÿ˜• HP[+1] Unknown command. ๐Ÿ˜• HP[+1]
You start resting.
You sense a monster nearby. ๐Ÿ˜• HP[+4]
You regained 4 hp, and now have 86/93 hp.
Unknown command.
You sense a monster nearby.
Unknown command.
Louise the Corrupted comes into view.
She is wielding a +2 trident of venom.
Something unseen opens the door.
You block Louise's attack.
You climb upwards.
Level annotation: exclusion: 2 doors
There is a stone staircase leading down, spattered with blood here. ๐Ÿ˜• HP[+1] Unknown command.
Louise blocks your attack.
Louise hits you with a +2 trident of venom!
You are poisoned. ๐Ÿ˜• HP[-13]
You take 13 damage, and now have 74/93 hp.
You slash Louise!
You feel sick.
Louise hits you with a +2 trident of venom!
You are more poisoned. ๐Ÿ˜ฎ HP[-9]
You take 9 damage, and now have 65/93 hp.
Louise blocks your attack.
You feel very sick. Louise hits you but does no damage.
You are more poisoned. ๐Ÿ˜ฎ HP[-5]
You take 5 damage, and now have 60/93 hp.
Louise blocks your attack.
You feel very sick.
You redirect Louise's attack!
Louise hits herself with a +2 trident of venom!
Louise looks as sick as possible! ๐Ÿ˜ฎ HP[-6]
You take 6 damage, and now have 54/93 hp.
Unknown command.
Aiming: Power Leap
Press: ? - help, Dir - move target You feel very sick.
Louise is stunned by your conviction and fails to attack. ๐Ÿ˜ฎ HP[-5] MP[-5]
You take 5 damage, and now have 49/93 hp.
You lost 5 mp, and now have 9/14 mp.
Unknown command.
You hit Louise but do no damage. You drain Louise.
You feel very sick. Louise casts a spell at you. The stone arrow hits you!!!
* * * LOW HITPOINT WARNING * * *
๐Ÿ˜ฑ HP[-43]
You take 43 damage, and now have 6/93 hp.
MASSIVE DAMAGE!! (PAUSE) Louise blocks your attack.
* * * LOW HITPOINT WARNING * * *
You feel very sick. Louise barely misses you. ๐Ÿ˜ฑ HP[-3]
You take 3 damage, and now have 3/93 hp.
Louise blocks your attack.
* * * LOW HITPOINT WARNING * * *
You feel very sick.
Louise hits you with a +2 trident of venom.
You die...

Skill      XL: |  1  2  3  4  5  6  7  8  9 10 11 12 13 14 |
---------------+-------------------------------------------+-----
Axes           | 3 4 5 7 8 10 13 15 15 16 18 19 | 19.3
Armour         | 7 10 | 10.0
Shields        | 3 |  3.6
Fighting       | |  3.0

Action                     |  1- 3 |  4- 6 |  7- 9 | 10-12 | 13-15 || total
---------------------------+-------+-------+-------+-------+-------++-------
  Melee: War axe           |    81 |   120 |   316 |   353 |       ||   870
         Executioner's axe |       |       |       |   245 |   303 ||   548
         Battleaxe         |       |       |       |    14 |       ||    14
 Invoke: Sacrifice Purity  |       |       |     1 |       |       ||     1
         Sacrifice Nimblen |       |       |     1 |       |       ||     1
         Sacrifice Skill   |       |       |       |     1 |       ||     1
         Sacrifice Stealth |       |       |       |       |     1 ||     1
         Power Leap        |       |       |       |       |     1 ||     1
Ability: Shaft Self        |       |       |       |     2 |       ||     2
  Evoke: Wand              |       |       |       |    22 |       ||    22
    Use: Scroll            |     5 |     6 |     5 |     6 |     2 ||    24
         Potion            |       |     3 |     3 |     4 |     1 ||    11
   Stab: Fleeing           |       |     1 |       |       |       ||     1
         Distracted        |       |       |       |     1 |     3 ||     4
         Invisible         |       |       |       |       |     2 ||     2
 Armour: Scale mail        |    31 |    73 |   139 |    33 |       ||   276
         Plate armour      |       |       |       |   220 |   125 ||   345
  Dodge: Dodged            |    30 |    55 |   171 |   284 |   100 ||   640
  Block: Buckler           |    14 |    34 |    79 |   215 |   135 ||   477
         Reflection        |       |       |       |     6 |     2 ||     8

Levels and vault maps discovered:
D:1:      dpeg_arrival_houses_and_road, layout_loops_corners,
          hangedman_decor_points, minmay_heptomino_l4
D:2:      layout_rooms
D:3:      layout_loops_ring, cheibriados_altar_1, mainiacjoe_overflow_alcove_1,
          shapermc_ecumenical_altar_starsandcircs, nrook_campfire
D:4:      layout_basic, minmay_temple_entry_overgrown, serial_shops,
          kennysheep_mini, cheibrodos_sewer_entry_bend
D:5:      layout_loops_ring, uniq_eustachio, uniq_edmund
D:6:      layout_basic, serial_shops, nicolae_shop_bloodbath_and_beyond,
          uniq_menkaure, uniq_sigmund
D:7:      layout_gridville, serial_glass, glass_columns_c, glass_columns_a,
          eino_tiny_chamber, minmay_microvault
D:8:      layout_basic, mainiacjoe_overflow_surrounded_room,
          grunt_lair_entry_orc_guard_hut, ebering_ghost_reflecting_pool,
          minmay_quadrilaterals
D:9:      layout_rooms, grunt_dithmenos_smoke, elyvilon_altar_1,
          minmay_misc_feat_rows
D:10:     layout_long_grid, mainiacjoe_overflow_small_starburst,
          mainiacjoe_overflow_brackets, nicolae_overflow_hidden_temple,
          nicolae_trove_entry_free_sample, nicolae_diode_basic
D:11:     layout_roguey, uniq_nergalle, uniq_fannar, uniq_gastronok
D:12:     minmay_the_grid_octo_tiled_octocenter_mashed
          [minmay_the_grid_octo_clover_2, minmay_the_grid_octo_odd_swirl,
          minmay_the_grid_octo_focus, minmay_the_grid_octo_clover,
          minmay_the_grid_octo_prize_single_spiral,
          minmay_the_grid_square_5x5_inset, minmay_the_grid_square_5x5_tie,
          minmay_the_grid_square_5x5_beaten_path,
          minmay_the_grid_square_5x5_gyroscope], layout_irregular_city,
          david_orc_3, grunt_ministairs_5, st_stairs_12
D:13:     layout_loops_cross, ximxim_vaults_locker_room,
          nicolae_concentric_dashed_squares_wild,
          dilly_guarded_unrand_elemental_staff
D:14:     layout_roguey, nicolae_lava_and_water, uniq_louise, uniq_frances
Temple:   nicolae_temple_ecumenical_triangle

Notes
Turn   | Place    | Note
-------+----------+-------------------------------------------
     0 | D:1      | ytrimaz the Formicid Fighter began the quest for the Orb.
     0 | D:1      | Reached XP level 1. HP: 18/18 MP: 1/1
     0 | D:1      | magus.rc [v1.9.6]
   126 | D:1      | Reached XP level 2. HP: 18/24 MP: 2/2
   424 | D:1      | Reached skill level 3 in Axes
   447 | D:1      | Reached XP level 3. HP: 26/29 MP: 3/3
  1150 | D:2      | Reached skill level 4 in Axes
  1150 | D:2      | Reached XP level 4. HP: 30/35 MP: 4/4
  1333 | D:2      | You pick up a book of Spatial Translocations and begin
                  | reading...
  1333 | D:2      | You add the spells Momentum Strike and Lesser Beckoning to
                  | your library.
  1395 | D:2      | You add the spells Manifold Assault and Storm Form to your
                  | library.
  1400 | D:2      | You pick up a book of Vapours and begin reading...
  1400 | D:2      | You add the spells Poisonous Vapours, Cigotuvi's Dreadful
                  | Rot and Mephitic Cloud to your library.
  1422 | D:2      | You pick up a book of Flames and begin reading...
  1422 | D:2      | You add the spells Inner Flame, Sticky Flame and Flame Wave
                  | to your library.
  1764 | D:3      | Found a shimmering altar of Xom.
  1858 | D:3      | Found a faded altar of an unknown god.
  1871 | D:3      | Reached XP level 5. HP: 27/41 MP: 5/5
  1873 | D:3      | Reached skill level 5 in Axes
  1879 | D:3      | Reached XP level 6. HP: 29/47 MP: 6/6
  2146 | D:3      | Found a snail-covered altar of Cheibriados.
  2324 | D:4      | Found Wiblor's Distillery.
  2327 | D:4      | Bought a potion of lignification for 42 gold pieces
  2327 | D:4      | Bought a potion of curing for 42 gold pieces
  2399 | D:4      | Found a staircase to the Ecumenical Temple.
  2411 | D:4      | Identified the +6 spear "Undertaker" {flame, *Noise rElec
                  | rF+ rN+}
  2426 | Temple   | Entered the Ecumenical Temple
  2486 | Temple   | Became a worshipper of Ru the Awakened
  2501 | D:4      | You pick up a book of Debilitation and begin reading...
  2501 | D:4      | You add the spells Slow, Vampiric Draining and Confusing
                  | Touch to your library.
  2550 | D:4      | Reached skill level 6 in Axes
  2651 | D:4      | You pick up a book of Decay and begin reading...
  2651 | D:4      | You add the spells Dispel Undead and Death Channel to your
                  | library.
  3058 | D:4      | You add the spells Gell's Gravitas, Teleport Other and
                  | Dispersal to your library.
  3378 | D:5      | Entered Level 5 of the Dungeon
  3392 | D:5      | Noticed Edmund
  3401 | D:5      | HP: 8/47 [Edmund/+2 heavy flail (6)]
  3405 | D:5      | Killed Edmund
  3406 | D:5      | Reached skill level 7 in Axes
  3406 | D:5      | Reached XP level 7. HP: 15/52 MP: 7/7
  3646 | D:5      | Gained mutation: You are weak. (Str -2) [Ru sacrifice]
  3903 | D:5      | Reached skill level 8 in Axes
  3967 | D:5      | Noticed a water moccasin
  3983 | D:5      | Killed a water moccasin
  3984 | D:5      | Reached XP level 8. HP: 52/58 MP: 8/8
  4009 | D:5      | Noticed Eustachio
  4053 | D:5      | Killed Eustachio
  4054 | D:5      | Reached skill level 9 in Axes
  4312 | D:5      | Identified 3 scrolls of acquirement
  4312 | D:5      | Acquired a +2 executioner's axe of draining
  4316 | D:5      | Acquired 1311 gold pieces
  4320 | D:5      | Acquired the ring of Truth {rElec rPois EV+5 Str-3 SInv}
  4467 | D:6      | Noticed Menkaure
  4476 | D:6      | HP: 7/58 [Menkaure (17)]
  4484 | D:6      | Killed Menkaure
  4485 | D:6      | Reached skill level 10 in Axes
  4728 | D:6      | Found Zus Ikox's Weapon Boutique.
  5059 | D:6      | Reached XP level 9. HP: 50/64 MP: 9/9
  5208 | D:6      | You add the spells Malign Gateway and Summon Horrible
                  | Things to your library.
  5543 | D:6      | Noticed Sigmund
  5564 | D:6      | Killed Sigmund
  5565 | D:6      | Reached skill level 11 in Axes
  6047 | D:7      | Reached skill level 12 in Axes
  6227 | D:7      | Gained mutation: You cannot train Dodging skill. [Ru
                  | sacrifice]
  6227 | D:7      | Reached * piety under Ru
  6227 | D:7      | Reached ** piety under Ru
  6511 | D:8      | Found a runed translucent door.
  6519 | D:8      | Identified the +3 leather armour of Wu Jian's Fury {rN+}
  6687 | D:8      | You pick up a book of the Senses and begin reading...
  6687 | D:8      | You add the spells Dazzling Flash, Agony and Silence to
                  | your library.
  6758 | D:8      | Reached skill level 13 in Axes
  6758 | D:8      | Reached XP level 10. HP: 47/70 MP: 10/10
  6916 | D:8      | Found a staircase to the Lair.
  7505 | D:8      | Noticed BlueFish's ghost (novice OpWr)
  7533 | D:8      | Found an ancient bone altar of Kikubaaqudgha.
  7672 | D:8      | Noticed a two-headed ogre
  7681 | D:8      | HP: 15/70 [two-headed ogre/+0 giant club (27)]
  7681 | D:8      | HP: 1/70 [two-headed ogre/+0 giant club (14)]
  8055 | D:8      | Reached skill level 14 in Axes
  8434 | D:8      | Killed a two-headed ogre
  8926 | D:9      | Identified the ring of Egomania {rElec rF+ Dex+3 SInv}
  9188 | D:9      | Noticed a two-headed ogre
  9265 | D:9      | Killed a two-headed ogre
  9266 | D:9      | Reached skill level 15 in Axes
  9443 | D:9      | Found a white marble altar of Elyvilon.
  9505 | D:9      | Reached XP level 11. HP: 39/75 MP: 11/11
  9801 | D:9      | Noticed a two-headed ogre
  9814 | D:9      | Noticed a cyclops
  9820 | D:9      | HP: 10/75 [two-headed ogre/+0 giant club (18)]
  9824 | D:9      | HP: 1/75 [two-headed ogre/+0 giant club (10)]
  9825 | D:9      | You fall into a shaft and drop 3 floors!
 10145 | D:12     | Noticed a boulder beetle
 10162 | D:12     | HP: 18/75 [boulder beetle (11)]
 10164 | D:12     | HP: 3/75 [boulder beetle (16)]
 10168 | D:12     | Killed a boulder beetle
 10169 | D:12     | Reached skill level 16 in Axes
 10169 | D:12     | Reached skill level 4 in Armour
 10440 | D:12     | Reached skill level 5 in Armour
 10462 | D:12     | Noticed a two-headed ogre
 10755 | D:11     | Noticed a boulder beetle
 10908 | D:11     | You pick up a book of Party Tricks and begin reading...
 10908 | D:11     | You add the spells Apportation and Alistair's Intoxication
                  | to your library.
 10928 | D:11     | Reached skill level 6 in Armour
 10984 | D:11     | Noticed Fannar
 11008 | D:11     | HP: 10/75 [Fannar/staff of cold (24)]
 11012 | D:11     | You fall into a shaft and drop 1 floor!
 11031 | D:12     | HP: 15/75 [orc warrior/+0 flail (1)]
 11075 | D:12     | Found a staircase to the Orcish Mines.
 11261 | D:10     | Entered Level 10 of the Dungeon
 11269 | D:10     | Found an iron altar of Okawaru.
 11299 | D:10     | Gained mutation: You are somewhat unskilled. (-1 Apt) [Ru
                  | sacrifice]
 11299 | D:10     | Reduced skill Axes to level 14
 11299 | D:10     | Reduced skill Shields to level 3
 11299 | D:10     | Reached *** piety under Ru
 11436 | D:10     | Found a hazy altar of Hepliaklqana.
 11621 | D:10     | You add the spells Kindle Blastsparks, Ignite Poison and
                  | Freezing Cloud to your library.
 11653 | D:10     | Found a transporter.
 11828 | D:10     | Reached skill level 15 in Axes
 11830 | D:10     | Reached skill level 7 in Armour
 12041 | D:10     | Found a portal to a secret trove of treasure.
 12160 | D:10     | This trove needs a +7 demon blade to function. Give it the
                  | item?
 12160 | D:10     | This trove needs a +7 demon blade to function. Give it the
                  | item?
 12160 | D:10     | This trove needs a +7 demon blade to function. Give it the
                  | item?
 12316 | D:9      | Found a shadowy altar of Dithmenos.
 12409 | D:9      | Killed a two-headed ogre
 12419 | D:9      | Reached XP level 12. HP: 62/81 MP: 12/12
 12980 | D:11     | Noticed Nergalle
 13002 | D:11     | Killed Nergalle
 13003 | D:11     | Reached skill level 8 in Armour
 13190 | D:11     | Noticed Gastronok
 13201 | D:11     | Killed Gastronok
 13309 | D:11     | Killed a boulder beetle
 13487 | D:11     | Killed Fannar
 13488 | D:11     | Reached skill level 9 in Armour
 13815 | D:12     | Noticed a boulder beetle
 13841 | D:12     | Killed a boulder beetle
 13999 | D:12     | Reached skill level 16 in Axes
 14042 | D:12     | Noticed a two-headed ogre
 14053 | D:12     | Killed a two-headed ogre
 14311 | D:12     | Reached skill level 10 in Armour
 14447 | D:12     | Noticed a two-headed ogre
 14465 | D:12     | Killed a two-headed ogre
 14466 | D:12     | Reached XP level 13. HP: 86/86 MP: 13/13
 14502 | D:12     | Gained mutation: You cannot be stealthy. [Ru sacrifice]
 14502 | D:12     | Reached **** piety under Ru
 14507 | D:12     | Noticed a six-headed hydra
 14524 | D:12     | Killed a ten-headed hydra
 14546 | D:12     | Reached skill level 17 in Axes
 14630 | D:12     | You pick up a book of Blasting and begin reading...
 14630 | D:12     | You add the spells Fulminant Prism, Iskenderun's Mystic
                  | Blast and Lee's Rapid Deconstruction to your library.
 14839 | D:12     | Noticed an ogre mage
 14859 | D:12     | Killed an ogre mage
 15036 | D:12     | Identified the staff of air "Fipuoc" {+Blink rElec rC+
                  | Int+2}
 15045 | D:12     | You add the spells Olgreb's Toxic Radiance and Haunt to
                  | your library.
 15045 | D:12     | Got Sogguq's Dissertation on Darkness and Vitiation
 15046 | D:12     | Identified the +12 glaive of Floods {spect, rPois rF+
                  | Int-2}
 15377 | D:12     | Reached skill level 18 in Axes
 15745 | D:13     | a deep elf zephyrmancer comes into view. It is wielding the
                  | +3 Elemental Staff {rElec rF++ rC++ AC+5}.
 15794 | D:13     | Noticed a fire dragon
 15874 | D:13     | Noticed a centaur warrior
 15881 | D:13     | Killed a centaur warrior
 15887 | D:13     | Identified the +7 dagger of the Bruised Defenders {elec,
                  | Fly rF+}
 16287 | D:13     | Reached XP level 14. HP: 83/93 MP: 14/14
 16309 | D:13     | Reached skill level 19 in Axes
 16362 | D:13     | Found a gate to the Vaults.
 16904 | D:14     | Noticed Louise
 16905 | D:14     | Noticed Frances
 16912 | D:13     | HP: 6/93 [Louise/stone arrow (39)]
 16914 | D:13     | HP: 1/93 [poisoned by Louise]
 16914 | D:13     | Slain by Louise

Vanquished Creatures
  Gastronok (D:11)
  Fannar (D:11)
  A hydra (D:12)
  An ogre mage (D:12)
  2 vault guards (D:13)
  A centaur warrior (D:13)
  7 two-headed ogres
  5 boulder beetles
  A tengu warrior (D:13)
  Nergalle (D:11)
  A skeletal warrior (D:12)
  A deep elf zephyrmancer (D:13)
  A deep elf pyromancer (D:13)
  2 ugly things (D:13)
  4 cyclopes
  5 gargoyles
  3 unseen horrors
  A komodo dragon (D:12)
  2 kobold demonologists (D:12)
  An ice devil (D:13)
  A meliai (shapeshifter) (D:13)
  A tengu conjurer (D:13)
  8 trolls
  A hornet (D:8)
  2 raiju (D:13)
  Sigmund (D:6)
  A vampire (D:12)
  A shadow (D:12)
  10 slime creatures
  Eustachio (D:5)
  4 wraiths
  2 wyverns
  15 yaks
  A human (shapeshifter) (D:12)
  9 humans (D:13)
  3 basilisks (D:12)
  4 vampire mosquitoes
  Menkaure (D:6)
  4 acid dragons
  Edmund (D:5)
  2 water moccasins
  3 orc warriors
  An ice beast (D:6)
  A sky beast (D:7)
  2 black bears
  5 centaurs
  2 kobold brigands
  4 bullfrogs (D:8)
  3 gnoll sergeants
  2 scorpions (D:8)
  13 wights
  10 killer bees (D:10)
  7 howler monkeys
  A jelly (D:6)
  5 orc priests
  4 hounds
  3 gnoll boudas
  5 iguanas
  15 orc wizards
  20 gnolls
  5 adders
  A shadow imp (D:5)
  3 ufetubi
  4 worms
  2 dart slugs
  34 orcs
  5 ball pythons
  7 endoplasms
  8 giant cockroaches
  4 goblins
  7 hobgoblins
  3 jackals (D:1)
  6 quokkas
  A bat (D:1)
  5 frilled lizards
  18 kobolds
  10 rats
344 creatures vanquished.

Vanquished Creatures (others)
  A boulder beetle (D:13)
  A kobold demonologist (D:12)
  A slime creature (D:13)
  A human (D:13)
  A yak (D:9)
  An orc warrior (D:11)
  A bullfrog (D:8)
  10 fungi (D:8)
  8 plants (D:8)
25 creatures vanquished.

Grand Total: 369 creatures vanquished

Table legend:
 A = Non-vault XP
 B = Vault XP
 C = Vault XP percentage of total XP
 D = Non-vault monster count
 E = Vault monster count
 F = Vault count percentage of total count
                 A         B        C        D         E       F
            +---------+---------+-------+---------+---------+-------
      Total |   26156 |   24578 |  48.4 |     266 |      83 |  23.8
            +---------+---------+-------+---------+---------+-------
        D:1 |      57 |       2 |   3.4 |      31 |       2 |   6.1
        D:2 |      50 |       0 |   0.0 |      18 |       0 |   0.0
        D:3 |     169 |       0 |   0.0 |      28 |       0 |   0.0
        D:4 |     179 |      10 |   5.3 |      13 |       2 |  13.3
        D:5 |     449 |     372 |  45.3 |      19 |       2 |   9.5
        D:6 |     658 |     395 |  37.5 |      18 |       2 |  10.0
        D:7 |     865 |     137 |  13.7 |      17 |       1 |   5.6
        D:8 |    2013 |     779 |  27.9 |      19 |      10 |  34.5
        D:9 |    4754 |       0 |   0.0 |      24 |       0 |   0.0
       D:10 |    3258 |       0 |   0.0 |      35 |       0 |   0.0
       D:11 |    2002 |    2874 |  58.9 |      10 |       3 |  23.1
       D:12 |    4116 |   13656 |  76.8 |      15 |      44 |  74.6
       D:13 |    7586 |    6353 |  45.6 |      19 |      17 |  47.2
            +---------+---------+-------+---------+---------+-------

Illustrated notes

Table legend:
 A = Kills in this place as a percentage of kills in the entire game.
 B = Kills by you in this place as a percentage of kills by you in the entire game.
 C = Kills by friends in this place as a percentage of kills by friends in the entire game.
 D = Other kills in this place as a percentage of other kills in the entire game.
 E = Experience gained in this place as a percentage of experience gained in the entire game.
 F = Experience gained in this place divided by the number of levels of this place that you have seen.
                   A       B       C       D       E      F
               +-------+-------+-------+-------+-------+----------------------
         Total | 100.0 | 100.0 |   N/A | 100.0 | 100.0 | 3382.3
       Dungeon | 100.0 | 100.0 |   N/A | 100.0 | 100.0 | 3623.9
               +-------+-------+-------+-------+-------+----------------------

Table legend: (Time is in decaauts)
 A = Elapsed time spent in this place.
 B = Non-inter-level travel time spent in this place.
 C = Inter-level travel time spent in this place.
 D = Time resting spent in this place.
 E = Time spent auto-exploring this place.
 F = Levels seen in this place.
 G = Mean time per level.
                   A        B        C        D        E       F      G
               +--------+--------+--------+--------+--------+-----+--------+
         Total |  16956 |  16189 |    767 |   1886 |  10528 |  15 | 1130.4 |
       Dungeon |  16888 |  16121 |    767 |   1886 |  10503 |  14 | 1206.3 |
        Temple |     67 |     67 |      0 |      0 |     25 |   1 |   67.0 |
               +--------+--------+--------+--------+--------+-----+--------+

Top non-repeatable levels by time:
    D:12: 2787 daAuts
     D:8: 2285 daAuts
     D:6: 1438 daAuts
    D:13: 1360 daAuts
    D:11: 1358 daAuts
     D:1: 1167 daAuts
     D:7: 1132 daAuts
     D:9: 1080 daAuts
    D:10: 1061 daAuts
     D:4: 1034 daAuts
     D:5: 974 daAuts
     D:3: 671 daAuts
     D:2: 503 daAuts
  Temple: 67 daAuts
    D:14: 34 daAuts
